 Dungeon Crawl Stone Soup version 0.19.5 (webtiles) character file.

613 greprep the Covert (level 7, -3/33 HPs)
             Began as a Spriggan Enchanter on May 5, 2017.
             Killed from afar by an orc wizard (12 damage)
             ... with a puff of flame
             ... on level 5 of the Dungeon.
             The game lasted 00:14:34 (5368 turns).

greprep the Covert (Spriggan Enchanter)             Turns: 5368, Time: 00:14:34

Health: -3/33      AC:  3    Str: 11    XL:     7   Next: 20%
Magic:  13/24      EV: 19    Int: 16    God:
Gold:   108        SH:  0    Dex: 17    Spells: 3 memorised, 10 levels left

rFire  . . .     SeeInvis +     p - +0 dagger (elec)
rCold  . . .     Gourm    .     b - +1 robe
rNeg   . . .     Faith    +     (shield restricted)
rPois  .         Spirit   .     (helmet restricted)
rElec  .         Reflect  .     (no cloak)
rCorr  .         Harm     .     (gloves unavailable)
MR     +....                    (boots unavailable)
Stlth  ++++......               o - amulet of faith
                                (no ring)
                                m - ring of magical power

@: mighty, very slightly contaminated, very quick
A: unfitting armour, see invisible, herbivore 3, speed 3, slow metabolism 2
a: no special abilities


You were on level 5 of the Dungeon.
You were not hungry.

You visited 1 branch of the dungeon, and saw 5 of its levels.

You collected 108 gold pieces.

Inventory:

Hand Weapons
 a - a +1 dagger
 p - a +0 dagger of electrocution (weapon)
Armour
 b - a +1 robe (worn)
Jewellery
 m - a ring of magical power (left hand)
 o - an amulet of faith (around neck)
Wands
 h - a wand of random effects (34/48)
 v - a wand of flame (18/48)
Scrolls
 d - a scroll of teleportation {unknown}
 i - 2 scrolls of fear
 l - 2 scrolls of enchant weapon
 n - 2 scrolls of immolation {unknown}
 q - 3 scrolls of remove curse
 r - 3 scrolls of blinking {unknown}
 u - a scroll of identify
 w - a scroll of fog {unknown}
Potions
 e - a potion of ambrosia {unknown}
 f - 2 potions of lignification {unknown}
 g - a potion of curing {unknown}
 j - 2 potions of cancellation {unknown}
 k - a potion of heal wounds {unknown}
 z - a potion of agility
Books
 c - a book of Maledictions

   Spells                             Type                      Level
   a - Corona                         Hexes                        1
   b - Ensorcelled Hibernation        Hexes/Ice                    2
   c - Confuse                        Hexes                        3
   d - Tukima's Dance                 Hexes                        3
   e - Dazzling Spray                 Conjuration/Hexes            3
Comestibles
 t - 2 bread rations
 x - 3 fruits


   Skills:
 + Level 1.0 Fighting
 + Level 2.1 Short Blades
 + Level 3.5 Dodging
 + Level 8.3 Stealth
 + Level 5.0 Spellcasting
 + Level 5.1 Hexes
 + Level 2.3 Ice Magic


You had 10 spell levels left.
You knew the following spells:

 Your Spells              Type           Power        Failure   Level  Hunger
a - Corona                Hex            ###....      1%          1    None
b - Ensorcelled Hibernat  Hex/Ice        ###...       6%          2    #......
c - Confuse               Hex            ###.....     8%          3    ###....


Dungeon Overview and Level Annotations

Branches:
Dungeon (5/15)
 Temple: D:4-7

Altars:
Fedhas
Nemelex Xobeh

Shops:
D:4 (


Innate Abilities, Weirdness & Mutations

You are very small and have problems with some larger weapons.
You are too small for most types of armour.
You have supernaturally acute eyesight. (SInv)
You are a herbivore.
You cover ground extremely quickly.
You need consume almost no food.


Message History

Casting: Ensorcelled Hibernation
Confirm with . or Enter, or press ? or * to list all spells.
Aiming: Ensorcelled Hibernation
Press: ? - help, Shift-Dir - straight line, f - centaur, p - orc wizard
Aim: a centaur, wielding a shortbow (chance to defeat MR: 47%)
The orc wizard resists with some effort.
The orc wizard barely misses you.
Casting: Ensorcelled Hibernation
Confirm with . or Enter, or press ? or * to list all spells.
Aiming: Ensorcelled Hibernation
Press: ? - help, Shift-Dir - straight line, f - orc wizard
Aim: an orc wizard, wielding a dagger of speed and wearing a robe (chance to defeat MR: 47%)
You miscast Ensorcelled Hibernation.
You are very lightly contaminated with residual magic.
Your skin glows momentarily.
The orc wizard misses you.
You puncture the orc wizard!
The orc wizard is almost dead.
The orc wizard points at you and mumbles some strange words.
The puff of flame hits you!
You die...

#.# #.# #.# #.#
.# #.# #.# ###.#
#.######...###.#
...c...ca........
#§.##.)#o#####.#.
#.a#@# #§.#.#
§#o#.# .§§§#.# §#
#.#.# ..#.# ..#
###


You could see a centaur, a worker ant and an orc wizard.

Vanquished Creatures
  Menkaure (D:4)
  The ghost of snowfan the Magician, an amateur DEFE (D:3)
  Blork the orc (D:5)
  2 orc priests
  A bullfrog skeleton (D:5)
  An iguana (D:3)
  3 orc wizards
  A worker ant (D:3)
  3 adders
  An ooze (D:1)
  5 worms
  A dart slug (D:1)
  2 leopard geckos
  22 orcs
  2 ball pythons
  3 giant cockroaches
  3 goblins (D:1)
  6 hobgoblins
  2 jackals (D:3)
  A quokka (D:3)
  11 bats
  3 frilled lizards
  6 kobolds
  A leopard gecko skeleton (D:4)
  A quokka skeleton (D:4)
  10 rats
94 creatures vanquished.

Notes
Turn   | Place    | Note
-------+----------+-------------------------------------------
     0 | D:1      | greprep the Spriggan Enchanter began the quest for the Orb.
     0 | D:1      | Reached XP level 1. HP: 9/9 MP: 5/5
   228 | D:1      | Reached XP level 2. HP: 12/13 MP: 4/6
   232 | D:1      | Learned a level 2 spell: Ensorcelled Hibernation
   758 | D:1      | Reached skill level 5 in Stealth
  1448 | D:2      | Reached XP level 3. HP: 16/16 MP: 8/8
  2349 | D:3      | Reached XP level 4. HP: 21/21 MP: 9/9
  2366 | D:3      | Noticed snowfan's ghost (amateur DEFE)
  2378 | D:3      | Learned a level 3 spell: Confuse
  2635 | D:3      | Killed snowfan's ghost
  2635 | D:3      | Reached skill level 1 in Ice Magic
  2635 | D:3      | Reached XP level 5. HP: 24/25 MP: 6/11
  2790 | D:3      | Found a faded altar of an unknown god.
  2790 | D:3      | Found a sparkling altar of Nemelex Xobeh.
  2861 | D:3      | Found a blossoming altar of Fedhas.
  2863 | D:3      | Found a faded altar of an unknown god.
  2865 | D:3      | Found a faded altar of an unknown god.
  3354 | D:3      | Reached skill level 6 in Stealth
  4226 | D:4      | Reached XP level 6. HP: 19/29 MP: 12/13
  4231 | D:4      | Reached skill level 7 in Stealth
  4432 | D:4      | Found Ocaugi Jodghe's Weapon Shop.
  4984 | D:4      | Noticed Menkaure
  4994 | D:4      | Killed Menkaure
  4994 | D:4      | Reached skill level 5 in Hexes
  5233 | D:5      | Entered Level 5 of the Dungeon
  5233 | D:5      | Noticed Blork the orc
  5237 | D:5      | Killed Blork the orc
  5237 | D:5      | Reached XP level 7. HP: 32/32 MP: 15/15
  5251 | D:5      | Reached skill level 8 in Stealth
  5355 | D:5      | Reached skill level 1 in Fighting
  5361 | D:5      | Reached skill level 5 in Spellcasting
  5368 | D:5      | Killed from afar by an orc wizard

Skill      XL: |  1  2  3  4  5  6  7 |
---------------+----------------------+-----
Hexes          | 4 5 |  5.1
Stealth        | 5 6 7 8 |  8.3
Spellcasting   | 3 4 5 |  5.0
Ice Magic      | 1 2 |  2.3
Short Blades   | 2 |  2.1
Fighting       | 1 |  1.0
Dodging        | |  3.5

Action                   |  1- 3 |  4- 6 |  7- 9 || total
-------------------------+-------+-------+-------++-------
Melee: Dagger            |    84 |    95 |    11 ||   190
 Cast: Corona            |     3 |       |       ||     3
       Ensorcelled Hiber |    32 |    49 |     5 ||    86
       Confuse           |       |     7 |     1 ||     8
  Use: Scroll            |     7 |     1 |       ||     8
       Potion            |       |     1 |     1 ||     2
 Stab: Sleeping          |    22 |    28 |     3 ||    53
       Confused          |       |     4 |     1 ||     5
  Eat: Bread ration      |     1 |       |       ||     1
       Fruit             |       |     1 |       ||     1
Armor: Robe              |    12 |     7 |       ||    19
Dodge: Dodged            |    72 |    70 |     8 ||   150
